 Dungeon Crawl Stone Soup version 0.32-a0-995-gb4a59205af (webtiles) character file.

Game seed: 14557871774281941559

63477 Gadrel the Eclecticist (level 14, 0/105 HPs)
             Began as a Mummy Artificer on Apr 22, 2024.
             Was an Initiate of Gozag.
             Slain by a spectral dire elephant (8 damage)
             ... on level 5 of the Lair of Beasts on Apr 23, 2024.
             The game lasted 01:08:28 (23230 turns).

Gadrel the Eclecticist (Mummy Artificer)           Turns: 23230, Time: 01:08:28

Health: 0/105      AC: 16    Str: 15    XL:     14   Next: 68%
Magic:  8/33       EV: 14    Int: 15    God:    Gozag
Gold:   6704       SH:  4    Dex: 13    Spells: 18/43 levels left

rFire   . . .        a - +3 whip (elec)
rCold   + + .        J - +0 buckler
rNeg    + + +        P - +3 leather armour {rF+}
rPois   ∞            N - +1 helmet "Calengamm" {rC+ Will+}
rElec   .            u - +0 cloak
rCorr   .            M - +3 pair of gauntlets of War {Slay+5}
SInv    .            o - +2 pair of boots
Will    ++...        Q - amulet of magic regeneration
Stlth   ++           I - +5 ring of evasion
HPRegen 0.37/turn    Z - ring of wizardry {Wiz+, !d}
MPRegen 0.63/turn

%: faith, wizardry (x1)
@: no status effects
A: cold resistance 1, negative energy resistance 3, torment resistance 2, heat
vulnerability 1, in touch with death 2, no potions, faith
a: Renounce Religion, Potion Petition, Call Merchant, Bribe Branch


You were on level 5 of the Lair of Beasts.
You worshipped Gozag.
Gozag was greatly pleased with you.
You visited 3 branches of the dungeon, and saw 16 of its levels.
You also visited: Bailey and Ice Cave.

You collected 7196 gold pieces.
You paid 492 gold pieces to Gozag.

Inventory:

Hand Weapons
 a - a +3 whip of electrocution (weapon)
   (You found it on level 3 of the Dungeon)
 b - a +0 sling
   (You found it on level 1 of the Dungeon)
Missiles
 f - 48 poisoned darts
 i - 2 javelins
 n - 4 datura-tipped darts
 t - 6 boomerangs
 x - 2 darts of dispersal {=f}
 y - 2 throwing nets {!d}
 G - 5 curare-tipped darts
Armour
 o - a +2 pair of boots (worn)
   (You found it on level 1 of the Dungeon)
 u - a +0 cloak (worn)
   (You found it on level 5 of the Dungeon)
 A - an orb of energy
   (You found it on level 5 of the Lair of Beasts)
 C - a +3 leather armour of cold resistance
   (You found it in a bailey)
 J - a +0 buckler (worn)
   (You found it on level 3 of the Lair of Beasts)
 M - the +3 pair of gauntlets of War (worn) {Slay+5}
   (You found it in a bailey)

   Slay+5:    It affects your accuracy & damage with ranged weapons and melee
   (+5).
 N - the +1 helmet "Calengamm" (worn) {rC+ Will+}
   (You acquired it on level 10 of the Dungeon)

   rC+:       It protects you from cold.
   Will+:     It increases your willpower.
 P - a +3 leather armour of fire resistance (worn)
   (You found it on level 1 of the Dungeon)
Magical Staves
 g - a staff of alchemy
   (You found it on level 1 of the Dungeon)
 l - the staff of Action {rN+ Str+5 Stlth- Summ Necro}
   (You found it on level 6 of the Dungeon)

   [staff of death]

   Base accuracy: +5 Base damage: 5 Base attack delay: 1.2 This weapon's minimum
   attack delay (0.6) is reached at skill level 12.
   Str+5:     It affects your strength (+5).
   rN+:       It protects you from negative energy.
   Stlth-:    It makes you less stealthy.
   Summ:      It increases the power of your Summonings spells.
   Necro:     It increases the power of your Necromancy spells.
   It falls into the 'Staves' category.
   It is a one-handed weapon.
 r - the staff of the Known World {^Drain Fly Will++ Conj Summ}
   (You found it on level 3 of the Dungeon)

   [staff of conjuration]

   Base accuracy: +5 Base damage: 5 Base attack delay: 1.2 This weapon's minimum
   attack delay (0.6) is reached at skill level 12.
   Will++:    It greatly increases your willpower.
   Fly:       It grants you flight.
   ^Drain:    It drains your maximum health when unequipped.
   Conj:      It increases the power of your Conjurations spells.
   Summ:      It increases the power of your Summonings spells.
   It falls into the 'Staves' category.
   It is a one-handed weapon.
Jewellery
 c - a ring of ice {rC+, rF-}
   (You found it on level 1 of the Lair of Beasts)
 B - a ring of magical power {MP+9}
   (You found it in an ice cave)
 F - a ring of protection from fire {rF+, !d}
   (You found it in an ice cave)
 I - a +5 ring of evasion (left hand)
   (You found it on level 8 of the Dungeon)
 O - an amulet of reflection
   (You found it on level 4 of the Lair of Beasts)
 Q - an amulet of magic regeneration (around neck)
   (You found it on level 7 of the Dungeon)
 W - a ring of willpower
   (You found it on level 2 of the Dungeon)
 X - a ring of resist corrosion
   (You found it on level 2 of the Dungeon)
 Z - a ring of wizardry (right hand) {Wiz+, !d}
   (You found it on level 4 of the Dungeon)
Wands
 d - a wand of digging (5)
   (You found it on level 1 of the Lair of Beasts)
 e - a wand of charming (14)
 j - a wand of polymorph (11)
   (You found it on level 4 of the Dungeon)
 k - a wand of iceblast (12)
 p - a wand of paralysis (6)
   (You found it on level 10 of the Dungeon)
 q - a wand of flame (13)
Scrolls
 h - 2 scrolls of amnesia
 m - 2 scrolls of poison
 s - a scroll of revelation
 w - 4 scrolls of enchant armour
 D - a scroll of fog
 E - 2 scrolls of fear
 H - 4 scrolls of identify {@r1}
 K - a scroll of immolation {!r}
 L - 2 scrolls of enchant weapon
 V - 2 scrolls of vulnerability {!r!r}
 Y - a scroll of teleportation {@r3}
Miscellaneous
 v - a lightning rod (4/4)
   (You found it on level 10 of the Dungeon)
 z - a box of beasts (inert)
   (You found it on level 3 of the Lair of Beasts)


   Skills:
 - Level 8.0 Fighting
 - Level 2.0 Maces & Flails
 - Level 1.5 Armour
 - Level 0.7 Dodging
 - Level 2.0 Stealth
 - Level 3.0 Shields
 + Level 15.1 Spellcasting
 - Level 6.0 Fire Magic
 + Level 11.1 Ice Magic
 + Level 11.1 Earth Magic
 - Level 6.0 Alchemy
 - Level 3.0 Evocations


You had 18 spell levels left.
You knew the following spells:

 Your Spells              Type           Power      Damage    Failure   Level
a - Flame Wave            Conj/Fire      20%        2d7       11%         4
b - Permafrost Eruption   Ice/Erth       22%        2x4d6     6%          6
s - Sticky Flame          Fire/Alch      29%        2d7       3%          4
z - Lee's Rapid Deconstr  Erth           22%        3d12*     1%          5
F - Inner Flame           Hex/Fire       20%        N/A       3%          3
V - Volatile Blastmotes   Fire/Tloc      40%        2d13      3%          3

Your spell library contained the following spells:

 Spells                   Type           Power      Damage    Failure   Level
 Sting                    Conj/Alch      80%        1d8       1%          1
 Leda's Liquefaction      Alch/Erth      18%        N/A       1%          4
 Apportation              Tloc           22%        N/A       4%          1
 Necrotise                Necr           100%       1d9       4%          1
 Shock                    Conj/Air       44%        1d5       4%          1
 Summon Small Mammal      Summ           44%        N/A       4%          1
 Call Canine Familiar     Summ           11%        N/A       12%         3
 Sigil of Binding         Hex            11%        N/A       12%         3
 Swiftness                Air            11%        N/A       12%         3
 Airstrike                Air            5%         2d(1-17)  34%         4
 Dimensional Bullseye     Hex/Tloc       5%         N/A       34%         4
 Vhi's Electric Charge    Tloc/Air       22%        N/A       34%         4
 Arcjolt                  Conj/Air       5%         1d15      67%         5
 Plasma Beam              Fire/Air       10%        2x1d21    82%         6
 Gell's Gavotte           Tloc           5%         2d(13-20) 99%         6


Dungeon Overview and Level Annotations

Branches:
Dungeon (10/15)            Temple (1/1) D:4            Lair (5/5) D:10
 Shoals (0/4) Lair:2        Snake (0/4) Lair:2        Slime (0/5) Lair:5
 Bailey (visited)           IceCv (visited)
    Orc: D:9-12

Altars:
Ashenzari
Cheibriados
Dithmenos
Fedhas
Gozag
Hepliaklqana
Kikubaaqudgha
Makhleb
Nemelex Xobeh
Okawaru
Qazlal
Ru
Sif Muna
Trog
Uskayaw
Vehumet
Wu Jian
Xom
Yredelemnul
Jiyva


Innate Abilities, Weirdness & Mutations

You are immune to poison.
Your flesh is cold resistant. (rC+)
You are immune to negative energy. (rN+++)
You are immune to unholy pain and torment.
You are vulnerable to heat. (rF-)
You are strongly in touch with the powers of death.
You do not drink.
You have a special connection with the divine. (Faith)


Message History

You now have 6699 gold pieces (gained 20).
The dire elephant skeleton is no longer distracted by gold.
Press: ? - help, Dir - move target, f/p - dire elephant skeleton Fragment what (e.g. wall or brittle monster)?: a dire elephant skeleton (water, almost destroyed) Some deep water.
The dire elephant skeleton shatters!
You blow up the dire elephant skeleton!
You now have 6704 gold pieces (gained 5).
You now have 3/33 mp.
The elephant zombie completely misses you.
The elephant zombie trunk-slaps you but does no damage.
You hit the elephant zombie.
A spectral dire elephant comes into view.
The elephant zombie barely misses you.
The elephant zombie trunk-slaps you but does no damage.
You hit the elephant zombie but do no damage.
Lightning courses through the elephant zombie!!
You hit the elephant zombie.
Lightning courses through the elephant zombie!
The elephant zombie misses you.
The elephant zombie trunk-slaps you but does no damage.
You whack the elephant zombie!
Lightning courses through the elephant zombie!
The elephant zombie tramples you.
You hold your ground!
The elephant zombie trunk-slaps you but does no damage.
You take 2 damage, and have 103/105 hp.
You whack the elephant zombie! The elephant zombie barely misses you.
The elephant zombie trunk-slaps you but does no damage.
You whack the elephant zombie!
You destroy the elephant zombie!
You hit the spectral dire elephant.
The spectral dire elephant tramples you!
You hold your ground!
The spectral dire elephant trunk-slaps you but does no damage.
You take 7 damage, and have 97/105 hp.
You hit the spectral dire elephant but do no damage.
The spectral dire elephant misses you.
You block the spectral dire elephant's attack.
You whack the spectral dire elephant! The spectral dire elephant misses you.
The spectral dire elephant trunk-slaps you.
You take 1 damage, and have 97/105 hp.
You hit the spectral dire elephant.
The spectral dire elephant tramples you!!
You hold your ground!
The spectral dire elephant trunk-slaps you but does no damage.
You take 22 damage, and have 75/105 hp.
MASSIVE DAMAGE!!
You hit the spectral dire elephant but do no damage.
The spectral dire elephant closely misses you.
You block the spectral dire elephant's attack.
You hit the spectral dire elephant but do no damage.
The spectral dire elephant tramples you but does no damage.
The spectral dire elephant barely misses you.
Press: ? - help, Dir - move target A rock wall.
The wall shatters!
The blast of rock fragments hits the spectral dire elephant but does no damage.
The spectral dire elephant tramples you but does no damage.
You block the spectral dire elephant's attack.
You now have 8/33 mp.
Press: ? - help, Dir - move target A rock wall.
The wall shatters!
The blast of rock fragments hits the spectral dire elephant but does no damage.
The spectral dire elephant tramples you!
You hold your ground!
The spectral dire elephant trunk-slaps you but does no damage.
You take 13 damage, and have 64/105 hp.
You now have 4/33 mp.
You hit the spectral dire elephant.
Lightning courses through the spectral dire elephant!
You block the spectral dire elephant's attack.
The spectral dire elephant trunk-slaps you but does no damage.
You hit the spectral dire elephant.
The spectral dire elephant tramples you!
You hold your ground!
The spectral dire elephant trunk-slaps you but does no damage.
You take 16 damage, and have 48/105 hp.
You hit the spectral dire elephant.
The spectral dire elephant tramples you but does no damage.
The spectral dire elephant closely misses you.
You completely miss the spectral dire elephant.
The spectral dire elephant closely misses you.
The spectral dire elephant trunk-slaps you but does no damage.
You hit the spectral dire elephant.
The spectral dire elephant tramples you!!
* * * LOW HITPOINT WARNING * * *
You hold your ground!
The spectral dire elephant trunk-slaps you.
* * * LOW HITPOINT WARNING * * *
You take 24 damage, and have 24/105 hp.
MASSIVE DAMAGE!!
You open the lid... ...and a juvenile weirdshock beast leaps out!
The box is emptied!
The spectral dire elephant tramples you!
* * * LOW HITPOINT WARNING * * *
You hold your ground!
The spectral dire elephant trunk-slaps you!
You die...
Your body crumbles into a pile of gold.

#....#.###.##..##
####.......P.#.#.##
.##...............#
.................##
..<...............###
.............%......#
......#....####.H...#
..##....#.###.##$#.##
....#.~..#.....Z@#.P#
....~~≈~..#..≈~....##
#.#.~≈≈~~~..~≈≈~...##
.#..~≈≈≈≈~~≈≈#≈~....#
##...~≈≈~######≈~..##
.....~~≈## #≈~.##
..#...~~# ##≈≈..#
.#..⌠..## ##≈≈≈###
.......# .#≈≈~.##


You could see a spectral dire elephant (ally target) and a friendly juvenile
weirdshock beast (summoned).

Vanquished Creatures
  A white draconian (IceCv)
  A dire elephant (Lair:5)
  An ice dragon (Lair:5)
  5 hydras
  A catoblepas (Lair:4)
  A death knight (D:10)
  A boulder beetle (Lair:3)
  A two-headed ogre (D:8)
  6 death yaks
  3 skysharks
  A flayed ghost (D:10)
  3 harpies (Lair:2)
  An orc knight (Bailey)
  A deep elf pyromancer (Bailey)
  3 oklob plants
  A manticore (D:10)
  A salamander (Lair:2)
  30 elephants
  2 ice statues (IceCv)
  3 black mambas
  13 cane toads
  4 rime drakes (IceCv)
  A dire elephant skeleton (Lair:5)
  2 torpor snails (Lair:3)
  13 komodo dragons
  A troll (D:10)
  5 polar bears
  Grinder (D:3)
  21 blink frogs
  2 shadows (D:10)
  Sigmund (D:2)
  59 yaks
  3 wyverns
  3 wraiths
  4 basilisks
  Grum (D:10)
  2 steam dragons
  4 vampire mosquitoes (D:10)
  A death yak simulacrum (Lair:5)
  A spectral cane toad (Lair:5)
  2 acid dragons
  14 water moccasins
  3 black bears
  12 orc warriors
  An ice beast (D:6)
  An elephant zombie (Lair:5)
  18 wolves
  4 centaurs
  A phantom (D:5)
  6 kobold brigands
  A gnoll sergeant (D:10)
  9 bullfrogs
  3 scorpions
  3 wights (D:7)
  8 killer bees (D:10)
  3 lindwurm simulacra (IceCv)
  3 howler monkeys
  4 hounds
  7 komodo dragon simulacra (IceCv)
  2 lava snakes (Lair:2)
  10 orc priests
  A bombardier beetle (D:5)
  4 gnoll boudas
  14 jellies
  2 sleepcaps (D:5)
  3 iguanas
  12 orc wizards
  Robin (D:1)
  19 gnolls
  6 acid dragon simulacra (IceCv)
  6 adders
  3 white imps (Lair:5)
  2 ufetubi (D:6)
  5 steam dragon simulacra (IceCv)
  3 ribbon worms
  A dart slug (D:3)
  43 orcs
  3 bats
  9 endoplasms
  2 giant cockroaches
  14 goblins
  8 hobgoblins
  21 kobolds
  4 quokkas
  6 ball pythons
  2 frilled lizards
  2 rats
  A spectral kobold (D:3)
521 creatures vanquished.

Vanquished Creatures (others)
  A gnoll (D:3)
1 creature vanquished.

Grand Total: 522 creatures vanquished

Notes
Turn   | Place    | Note
-------+----------+-------------------------------------------
     0 | D:1      | Gadrel the Mummy Artificer began the quest for the Orb.
     0 | D:1      | Reached XP level 1. HP: 15/15 MP: 1/1
    34 | D:1      | Reached skill level 1 in Stealth
   595 | D:1      | Reached XP level 2. HP: 14/21 MP: 2/2
   826 | D:2      | Reached skill level 2 in Stealth
   850 | D:2      | Noticed Robin
   877 | D:1      | Killed Robin
   878 | D:1      | Reached skill level 2 in Fighting
   905 | D:2      | Reached XP level 3. HP: 27/27 MP: 3/3
  1150 | D:2      | Reached skill level 3 in Evocations
  1345 | D:2      | Noticed Sigmund
  1825 | D:3      | Found a faded altar of an unknown god.
  1911 | D:3      | Reached XP level 4. HP: 34/34 MP: 4/4
  2109 | D:3      | Reached skill level 3 in Fighting
  2172 | D:3      | Reached skill level 1 in Spellcasting
  2315 | D:3      | Reached XP level 5. HP: 40/41 MP: 6/6
  2401 | D:3      | Noticed Grinder
  2412 | D:3      | Identified the staff of the Known World {^Drain Fly Will++
                  | Conj Summ}
  2534 | D:3      | Reached skill level 1 in Alchemy
  2592 | D:3      | Found an iron altar of Okawaru.
  2744 | D:4      | Found a blossoming altar of Fedhas.
  2963 | D:4      | Found a staircase to the Ecumenical Temple.
  2972 | Temple   | Entered the Ecumenical Temple
  2985 | Temple   | Became a worshipper of Gozag Ym Sagoz the Greedy
  3243 | D:4      | Reached skill level 1 in Fire Magic
  3855 | D:4      | Reached skill level 1 in Maces & Flails
  3863 | D:4      | Learned a level 4 spell: Sticky Flame
  3867 | D:4      | Learned a level 3 spell: Inner Flame
  3891 | D:5      | Entered Level 5 of the Dungeon
  3930 | D:5      | Noticed a centaur
  3947 | D:5      | Reached skill level 2 in Spellcasting
  4001 | D:5      | Noticed a centaur
  4009 | D:5      | Killed a centaur
  4010 | D:5      | Reached XP level 6. HP: 38/47 MP: 9/9
  4084 | D:5      | Reached skill level 2 in Maces & Flails
  4087 | D:5      | Reached skill level 3 in Spellcasting
  4087 | D:5      | Reached skill level 2 in Fire Magic
  4087 | D:5      | Reached skill level 2 in Alchemy
  4223 | D:5      | Reached XP level 7. HP: 37/52 MP: 3/12
  4485 | D:5      | Reached skill level 4 in Spellcasting
  4573 | D:5      | Found a hide-covered altar of Uskayaw.
  4613 | D:5      | Found a sparkling altar of Nemelex Xobeh.
  4930 | D:5      | Learned a level 4 spell: Flame Wave
  5008 | D:6      | Reached skill level 3 in Fire Magic
  5008 | D:6      | Reached skill level 3 in Alchemy
  5121 | D:6      | Reached skill level 5 in Spellcasting
  5213 | D:6      | Identified the staff of Action {rN+ Str+5 Stlth- Summ
                  | Necro}
  5245 | D:6      | Reached XP level 8. HP: 58/58 MP: 10/15
  5789 | D:6      | Reached skill level 6 in Spellcasting
  5789 | D:6      | Reached skill level 4 in Fire Magic
  5789 | D:6      | Reached skill level 4 in Alchemy
  6600 | D:7      | Reached skill level 7 in Spellcasting
  6735 | D:7      | Learned a level 3 spell: Volatile Blastmotes
  6751 | D:7      | Reached XP level 9. HP: 63/63 MP: 15/20
  7330 | D:3      | Killed Grinder
  7331 | D:3      | Reached skill level 8 in Spellcasting
  7331 | D:3      | Reached skill level 5 in Fire Magic
  7331 | D:3      | Reached skill level 5 in Alchemy
  7389 | D:2      | Killed Sigmund
  7642 | D:8      | Noticed a two-headed ogre
  7650 | D:7      | Reached skill level 9 in Spellcasting
  7724 | D:8      | HP: 5/63 [spore (43)]
  8027 | D:8      | Killed a two-headed ogre
  8028 | D:8      | Reached skill level 10 in Spellcasting
  8028 | D:8      | Reached skill level 5 in Fighting
  8133 | D:8      | Found a flagged portal.
  8147 | Bailey   | Entered a bailey
  8228 | Bailey   | Noticed an orc knight
  8290 | Bailey   | Killed an orc knight
  8291 | Bailey   | Reached skill level 6 in Fighting
  8291 | Bailey   | Reached XP level 10. HP: 49/76 MP: 24/24
  8410 | Bailey   | Found a large runed translucent door.
  8410 | Bailey   | Found a large runed translucent door.
  8422 | Bailey   | Noticed a deep elf pyromancer
  8466 | Bailey   | Found the +3 pair of gauntlets of War {Slay+5}
  8500 | Bailey   | Killed a deep elf pyromancer
  9143 | D:9      | Reached skill level 6 in Fire Magic
  9310 | D:9      | Reached skill level 6 in Alchemy
  9411 | D:9      | Reached skill level 7 in Fighting
  9411 | D:9      | Reached skill level 1 in Earth Magic
  9430 | D:9      | Learned a level 5 spell: Lee's Rapid Deconstruction
  9585 | D:9      | Reached skill level 2 in Earth Magic
  9636 | D:9      | Found a snail-covered altar of Cheibriados.
  9826 | D:10     | Entered Level 10 of the Dungeon
  9958 | D:10     | Found a staircase to the Lair.
 10030 | D:10     | Reached skill level 11 in Spellcasting
 10030 | D:10     | Reached skill level 3 in Earth Magic
 10169 | D:10     | Reached XP level 11. HP: 65/84 MP: 22/26
 10316 | D:10     | Reached skill level 4 in Earth Magic
 10544 | D:10     | Reached skill level 12 in Spellcasting
 10708 | D:10     | Reached skill level 5 in Earth Magic
 11052 | D:10     | Noticed a death knight
 11160 | D:10     | Killed a death knight
 11161 | D:10     | Reached skill level 6 in Earth Magic
 11213 | D:10     | Noticed a flayed ghost
 11223 | D:10     | Killed a flayed ghost
 11496 | D:10     | Noticed Grum
 11506 | D:10     | Reached skill level 7 in Earth Magic
 11511 | D:10     | Killed Grum
 11797 | D:10     | Identified 2 scrolls of acquirement
 12002 | D:10     | Reached skill level 8 in Earth Magic
 12662 | D:10     | Found a staircase to the Lair.
 13113 | D:10     | Acquired the +1 helmet "Calengamm" {rC+ Will+}
 13126 | D:10     | Acquired 1081 gold pieces
 13138 | D:10     | Learned a level 6 spell: Permafrost Eruption
 13142 | Lair:1   | Entered Level 1 of the Lair of Beasts
 13427 | Lair:1   | Reached skill level 8 in Fighting
 13553 | Lair:1   | Reached skill level 1 in Ice Magic
 13594 | Lair:1   | Reached XP level 12. HP: 85/92 MP: 24/28
 13762 | Lair:1   | Reached skill level 2 in Ice Magic
 14550 | Lair:1   | Reached skill level 3 in Ice Magic
 14705 | Lair:2   | Reached skill level 13 in Spellcasting
 14737 | Lair:2   | Found a frozen archway.
 14818 | IceCv    | Entered an ice cave
 14880 | IceCv    | Reached skill level 9 in Earth Magic
 15041 | IceCv    | Reached skill level 4 in Ice Magic
 15333 | IceCv    | Noticed a white draconian
 15344 | IceCv    | Killed a white draconian
 16026 | Lair:2   | Reached skill level 5 in Ice Magic
 16028 | Lair:2   | Reached skill level 14 in Spellcasting
 16031 | Lair:2   | HP: 21/92 [elephant (8)]
 16037 | Lair:2   | HP: 13/92 [elephant (3)]
 16340 | Lair:2   | Found a staircase to the Snake Pit.
 16351 | Lair:2   | Gained mutation: You are strongly in touch with the powers
                  | of death. [Mummy growth]
 16351 | Lair:2   | Reached XP level 13. HP: 72/98 MP: 8/31
 16819 | Lair:2   | Found a staircase to the Shoals.
 16971 | Lair:2   | Found a blossoming altar of Fedhas.
 17043 | Lair:2   | Reached skill level 10 in Earth Magic
 17526 | Lair:3   | Reached skill level 6 in Ice Magic
 17748 | Lair:3   | Reached skill level 7 in Ice Magic
 17900 | Lair:3   | Reached skill level 8 in Ice Magic
 18437 | Lair:3   | Reached skill level 9 in Ice Magic
 18650 | Lair:3   | HP: 24/98 [yak (6)]
 18653 | Lair:3   | HP: 2/98 [torpor snail (13)]
 19002 | Lair:3   | Reached skill level 10 in Ice Magic
 19834 | Lair:4   | Reached skill level 1 in Shields
 20094 | Lair:4   | Reached XP level 14. HP: 105/105 MP: 18/32
 20296 | Lair:4   | Reached skill level 2 in Shields
 21185 | Lair:5   | Entered Level 5 of the Lair of Beasts
 21736 | Lair:5   | Reached skill level 3 in Shields
 21766 | Lair:5   | Found a viscous altar of Jiyva.
 21767 | Lair:5   | Found a staircase to the Slime Pits.
 22093 | Lair:5   | Reached skill level 15 in Spellcasting
 22618 | Lair:5   | Reached skill level 11 in Ice Magic
 22618 | Lair:5   | Reached skill level 11 in Earth Magic
 23229 | Lair:5   | HP: 24/105 [spectral dire elephant (6)]
 23230 | Lair:5   | HP: 8/105 [spectral dire elephant (16)]
 23230 | Lair:5   | Slain by a spectral dire elephant

Illustrated notes

Levels and vault maps discovered:
D:1:      lightli_arrival_quake, layout_basic
D:2:      layout_loops_ring, uniq_sigmund, uniq_robin
D:3:      layout_loops_ring, mainiacjoe_overflow_alcove_4,
          dreamdust_ecumenical_altar_drowned_temple, uniq_grinder
D:4:      layout_gridville, mainiacjoe_overflow_boulevard,
          minmay_temple_entry_tees
D:5:      layout_loops_cross, mainiacjoe_overflow_small_starburst,
          gammafunk_temple_overflow_wave, minmay_gold_behind_fungi,
          serial_park_tiny_2, nicolae_the_louvre
D:6:      layout_cave_pools
D:7:      layout_cave_pods, mainiacjoe_overflow_six_doors_small,
          minmay_misc_feat_iff, roderic_serpentine_path
D:8:      layout_cave_pools, enter_bailey_5
D:9:      layout_rooms, pf_just_have_faith
D:10:     nzn_winding_woodlands_medium [nzn_winding_woodlands_5x5_checkerboard,
          nzn_winding_woodlands_5x15_twine, nzn_winding_woodlands_5x5_cross,
          nzn_winding_woodlands_5x5_three,
          nzn_winding_woodlands_center_diamonds,
          nzn_winding_woodlands_5x5_default,
          nzn_winding_woodlands_5x5_perimeter,
          nzn_winding_woodlands_5x15_pockets, nzn_winding_woodlands_hourglass],
          layout_loops_corners, david_lair_shrubbed, minmay_increasing_density,
          uniq_grum
Temple:   eino_wide_crystal_templ
Lair:1:   layout_chaotic_city, beast_lair_carwin_8
Lair:2:   layout_cave_pods, nicolae_shoals_entry_roost,
          nicolae_snake_entry_warm_welcome, portal_ice_cave_entry_ice_simulacra,
          hangedman_tree_tricks
Lair:3:   layout_regular_city, grunt_megastairs_1
Lair:4:   layout_small_grid, st_stairs_5, nicolae_lair_lil_pond,
          beast_lair_carwin_6
Lair:5:   due_jungle_book, layout_regular_city, minmay_slime_entry_jelly_boxes,
          bobbens_ice_dragon_lair, lemuel_fruit_fields

Skill      XL: |  1  2  3  4  5  6  7  8  9 10 11 12 13 14 |
---------------+-------------------------------------------+-----
Stealth        | 1 2 |  2.0
Fighting       | 2 3 6 7 8 |  8.0
Evocations     | 3 |  3.0
Spellcasting   | 1 2 3 5 7 10 11 12 14 15 | 15.1
Alchemy        | 1 2 3 4 5 6 |  6.0
Fire Magic     | 1 2 3 4 5 6 |  6.0
Maces & Flails | 1 2 |  2.0
Earth Magic    | 3 8 9 10 11 | 11.1
Ice Magic      | 1 5 10 11 | 11.1
Shields        | 1 3 |  3.0
Armour         | |  1.5
Dodging        | |  0.7

Action                     |  1- 3 |  4- 6 |  7- 9 | 10-12 | 13-15 || total
---------------------------+-------+-------+-------+-------+-------++-------
  Melee: Club              |    13 |       |       |       |       ||    13
         Spear             |    27 |       |       |       |       ||    27
         Dagger            |    28 |    35 |       |       |       ||    63
         Whip              |       |    74 |   154 |   284 |   170 ||   682
         Staff             |       |       |     4 |     7 |       ||    11
   Fire: Sling             |    78 |    75 |    66 |       |       ||   219
  Throw: Dart              |       |       |    10 |    14 |     3 ||    27
   Cast: Sticky Flame      |       |       |    53 |   121 |    83 ||   257
         Inner Flame       |       |       |     6 |    14 |     6 ||    26
         Flame Wave        |       |       |       |     4 |    12 ||    16
         Lee's Rapid Decon |       |       |       |    90 |    48 ||   138
         Permafrost Erupti |       |       |       |       |   119 ||   119
 Invoke: Potion Petition   |       |       |       |       |     2 ||     2
  Evoke: Wand              |       |     1 |     5 |       |       ||     6
         Box of beasts     |       |       |       |       |     1 ||     1
    Use: Scroll            |     1 |     5 |     6 |     7 |     2 ||    21
   Stab: Sleeping          |     1 |       |       |       |       ||     1
         Distracted        |       |       |       |     8 |       ||     8
 Armour: Leather armour    |    49 |    87 |   168 |   278 |   346 ||   928
  Dodge: Dodged            |    43 |    54 |   120 |   265 |   311 ||   793
  Block: Buckler           |       |       |       |       |    39 ||    39

Table legend: (Time is in decaauts)
 A = Elapsed time spent in this place.
 B = Non-inter-level travel time spent in this place.
 C = Inter-level travel time spent in this place.
 D = Time resting spent in this place.
 E = Time spent auto-exploring this place.
 F = Levels seen in this place.
 G = Mean time per level.
                   A        B        C        D        E       F      G
               +--------+--------+--------+--------+--------+-----+--------+
         Total |  23334 |  21801 |   1533 |   2355 |  15053 |  18 | 1296.3 |
       Dungeon |  12773 |  11653 |   1120 |    586 |   8715 |  10 | 1277.3 |
        Temple |     26 |      1 |     25 |      0 |      0 |   1 |   26.0 |
          Lair |   9267 |   8880 |    387 |   1453 |   5774 |   5 | 1853.4 |
        Bailey |    427 |    427 |      0 |    104 |    123 |   1 |  427.0 |
      Ice Cave |    839 |    839 |      0 |    212 |    441 |   1 |  839.0 |
               +--------+--------+--------+--------+--------+-----+--------+

Top non-repeatable levels by time:
    D:10: 3329 daAuts
  Lair:2: 2487 daAuts
  Lair:3: 1913 daAuts
  Lair:4: 1901 daAuts
     D:7: 1695 daAuts
  Lair:1: 1511 daAuts
  Lair:5: 1453 daAuts
     D:4: 1195 daAuts
     D:5: 1159 daAuts
     D:2: 1044 daAuts
     D:3: 1041 daAuts
     D:6: 948 daAuts
     D:1: 850 daAuts
   IceCv: 839 daAuts
     D:8: 806 daAuts

Levels and vault maps discovered:
D:1:      lightli_arrival_quake, layout_basic
D:2:      layout_loops_ring, uniq_sigmund, uniq_robin
D:3:      layout_loops_ring, mainiacjoe_overflow_alcove_4,
          dreamdust_ecumenical_altar_drowned_temple, uniq_grinder
D:4:      layout_gridville, mainiacjoe_overflow_boulevard,
          minmay_temple_entry_tees
D:5:      layout_loops_cross, mainiacjoe_overflow_small_starburst,
          gammafunk_temple_overflow_wave, minmay_gold_behind_fungi,
          serial_park_tiny_2, nicolae_the_louvre
D:6:      layout_cave_pools
D:7:      layout_cave_pods, mainiacjoe_overflow_six_doors_small,
          minmay_misc_feat_iff, roderic_serpentine_path
D:8:      layout_cave_pools, enter_bailey_5
D:9:      layout_rooms, pf_just_have_faith
D:10:     nzn_winding_woodlands_medium [nzn_winding_woodlands_5x5_checkerboard,
          nzn_winding_woodlands_5x15_twine, nzn_winding_woodlands_5x5_cross,
          nzn_winding_woodlands_5x5_three,
          nzn_winding_woodlands_center_diamonds,
          nzn_winding_woodlands_5x5_default,
          nzn_winding_woodlands_5x5_perimeter,
          nzn_winding_woodlands_5x15_pockets, nzn_winding_woodlands_hourglass],
          layout_loops_corners, david_lair_shrubbed, minmay_increasing_density,
          uniq_grum
Temple:   eino_wide_crystal_templ
Lair:1:   layout_chaotic_city, beast_lair_carwin_8
Lair:2:   layout_cave_pods, nicolae_shoals_entry_roost,
          nicolae_snake_entry_warm_welcome, portal_ice_cave_entry_ice_simulacra,
          hangedman_tree_tricks
Lair:3:   layout_regular_city, grunt_megastairs_1
Lair:4:   layout_small_grid, st_stairs_5, nicolae_lair_lil_pond,
          beast_lair_carwin_6
Lair:5:   due_jungle_book, layout_regular_city, minmay_slime_entry_jelly_boxes,
          bobbens_ice_dragon_lair, lemuel_fruit_fields

Table legend: (Time is in decaauts)
 A = Elapsed time spent in this place.
 B = Non-inter-level travel time spent in this place.
 C = Inter-level travel time spent in this place.
 D = Time resting spent in this place.
 E = Time spent auto-exploring this place.
 F = Levels seen in this place.
 G = Mean time per level.
                   A        B        C        D        E       F      G
               +--------+--------+--------+--------+--------+-----+--------+
         Total |  23334 |  21801 |   1533 |   2355 |  15053 |  18 | 1296.3 |
       Dungeon |  12773 |  11653 |   1120 |    586 |   8715 |  10 | 1277.3 |
        Temple |     26 |      1 |     25 |      0 |      0 |   1 |   26.0 |
          Lair |   9267 |   8880 |    387 |   1453 |   5774 |   5 | 1853.4 |
        Bailey |    427 |    427 |      0 |    104 |    123 |   1 |  427.0 |
      Ice Cave |    839 |    839 |      0 |    212 |    441 |   1 |  839.0 |
               +--------+--------+--------+--------+--------+-----+--------+

Top non-repeatable levels by time:
    D:10: 3329 daAuts
  Lair:2: 2487 daAuts
  Lair:3: 1913 daAuts
  Lair:4: 1901 daAuts
     D:7: 1695 daAuts
  Lair:1: 1511 daAuts
  Lair:5: 1453 daAuts
     D:4: 1195 daAuts
     D:5: 1159 daAuts
     D:2: 1044 daAuts
     D:3: 1041 daAuts
     D:6: 948 daAuts
     D:1: 850 daAuts
   IceCv: 839 daAuts
     D:8: 806 daAuts

Table legend:
 A = Kills in this place as a percentage of kills in the entire game.
 B = Kills by you in this place as a percentage of kills by you in the entire game.
 C = Kills by friends in this place as a percentage of kills by friends in the entire game.
 D = Other kills in this place as a percentage of other kills in the entire game.
 E = Experience gained in this place as a percentage of experience gained in the entire game.
 F = Experience gained in this place divided by the number of levels of this place that you have seen.
                   A       B       C       D       E      F
               +-------+-------+-------+-------+-------+----------------------
         Total | 100.0 | 100.0 |   N/A |   N/A | 100.0 | 5037.9
       Dungeon |  50.9 |  50.9 |   N/A |   N/A |  19.0 | 1725.4
          Lair |  40.9 |  40.9 |   N/A |   N/A |  74.5 | 13516.2
        Bailey |   2.9 |   2.9 |   N/A |   N/A |   2.0 | 1856.0
      Ice Cave |   5.4 |   5.4 |   N/A |   N/A |   4.4 | 3991.0
               +-------+-------+-------+-------+-------+----------------------
